 Dungeon Crawl Stone Soup version 0.19.5 (webtiles) character file.

137 Zhenya24pyc the Cudgeler (level 5, 0/32 HPs)
             Began as a Gargoyle Fighter on Apr 13, 2017.
             Slain by Ijyb (1 damage)
             ... on level 2 of the Dungeon.
             The game lasted 00:02:02 (1279 turns).

Zhenya24pyc the Cudgeler (Gargoyle Fighter)         Turns: 1279, Time: 00:02:03

Health: 0/32       AC: 10    Str: 20    XL:     5   Next: 20%
Magic:  5/5        EV:  7    Int:  9    God:
Gold:   60         SH:  9    Dex:  9    Spells: 0 memorised, 4 levels left

rFire  . . .     SeeInvis .     a - +0 flail
rCold  . . .     Gourm    .     b - +0 scale mail
rNeg   + . .     Faith    .     c - +0 shield
rPois  ∞         Spirit   .     (no helmet)
rElec  +         Reflect  .     (no cloak)
rCorr  .         Harm     .     (no gloves)
MR     .....                    (no boots)
Stlth  ..........               (no amulet)
                                (no ring)
                                (no ring)

@: no status effects
A: negative energy resistance 1, electricity resistance, unbreathing,
petrification resistance, rot immunity, AC +4
a: no special abilities


You were on level 2 of the Dungeon.
You were hungry.

You visited 1 branch of the dungeon, and saw 2 of its levels.

You collected 60 gold pieces.

Inventory:

Hand Weapons
 a - a +0 flail (weapon)
Armour
 b - a +0 scale mail (worn)
 c - a +0 shield (worn)
Scrolls
 e - 2 scrolls of identify {unknown}
 l - a scroll of recharging {unknown}
Potions
 d - a potion of might
 g - a potion of cancellation {unknown}
 i - 2 potions of resistance {unknown}
 j - 2 potions of curing {unknown}
 m - a potion of agility {unknown}
 n - 3 potions of flight {unknown}
Comestibles
 f - 2 bread rations
 h - 3 fruits


   Skills:
 - Level 3.2 Fighting
 * Level 5.2 Maces & Flails
 - Level 3.2 Armour
 - Level 3.2 Shields


You had 4 spell levels left.
You didn't know any spells.

Dungeon Overview and Level Annotations

Branches:
Dungeon (2/15)

Altars:

Annotations:
D:2 Ijyb


Innate Abilities, Weirdness & Mutations

You are resistant to torment.
Your stone body is resilient. (AC +4)
You are immune to poison.
You resist negative energy. (rN+)
You are resistant to electric shocks. (rElec)
You can survive without breathing.
You are immune to petrification.
You are immune to rotting.


Message History

You thump the gnoll!
You kill the gnoll!
You hit Ijyb.
Ijyb is almost dead.
Ijyb closely misses you. The gnoll hits you but does no damage.
You barely miss Ijyb.
Ijyb is almost dead.
You block Ijyb's attack.
The gnoll hits you from afar with a spear!
* * * LOW HITPOINT WARNING * * *
Your shield prevents you from hitting Ijyb.
Ijyb is almost dead.
Ijyb screams, "Me kill you!" You block Ijyb's attack.
The gnoll hits you from afar with a spear.
* * * LOW HITPOINT WARNING * * *
You barely miss Ijyb.
Ijyb is almost dead.
Ijyb hits you but does no damage. The gnoll closely misses you. Ijyb hits you.
You die...

#.........#
#.........#
#.........#
#.........#
#...g.....###
........g....#
..####.#g###.# .
#.#g# # #.#@#####
#.#.....# #.##....#
####. #....### ###
..#.... #......# #..
.......##......# ##<
...(....#.###..##.
#..
#.................#
##..
..........####....#.
#...


You could see Ijyb and 2 gnolls.

Vanquished Creatures
  Natasha (thrice) (D:2)
  2 gnolls (D:2)
  An adder (D:2)
  3 leopard geckos
  A ball python (D:1)
  5 bats
  3 giant cockroaches (D:1)
  4 goblins
  A hobgoblin (D:1)
  4 jackals (D:1)
  A quokka (D:2)
  2 frilled lizards (D:1)
  3 kobolds (D:1)
  3 rats (D:1)
36 creatures vanquished.

Notes
Turn   | Place    | Note
-------+----------+-------------------------------------------
     0 | D:1      | Zhenya24pyc the Gargoyle Fighter began the quest for the Orb.
     0 | D:1      | Reached XP level 1. HP: 14/14 MP: 1/1
   184 | D:1      | Reached XP level 2. HP: 19/19 MP: 2/2
   278 | D:1      | Reached skill level 3 in Maces & Flails
   510 | D:1      | Reached XP level 3. HP: 19/23 MP: 3/3
   710 | D:2      | Noticed Natasha
   731 | D:2      | Killed Natasha
   731 | D:2      | Reached skill level 4 in Maces & Flails
   731 | D:2      | Reached XP level 4. HP: 5/28 MP: 4/4
   821 | D:2      | Noticed Natasha
   837 | D:2      | Killed Natasha
  1060 | D:2      | Noticed Natasha
  1075 | D:2      | Killed Natasha
  1075 | D:2      | Reached skill level 5 in Maces & Flails
  1075 | D:2      | Reached XP level 5. HP: 18/32 MP: 5/5
  1249 | D:2      | Noticed Ijyb
  1278 | D:2      | HP: 1/32 [gnoll/spear (4)]
  1279 | D:2      | Slain by Ijyb

Skill      XL: |  1  2  3  4 |
---------------+-------------+-----
Maces & Flails | 3 4 5 |  5.2
Fighting       | |  3.2
Armour         | |  3.2
Shields        | |  3.2

Action                   |  1- 3 |  4- 6 || total
-------------------------+-------+-------++-------
Melee: Flail             |   121 |    41 ||   162
  Eat: Chunk             |       |     1 ||     1
Armor: Scale mail        |    84 |    23 ||   107
Dodge: Dodged            |    40 |    12 ||    52
Block: Shield            |    74 |    35 ||   109
